 Dungeon Crawl Stone Soup version 0.31.0-11-ge490571c62 (webtiles) character file.

Game seed: 13505012664538569005

363 jagang the Trooper (level 6, 0/51 HPs)
             Began as a Human Monk on Feb 6, 2024.
             Slain by a water moccasin (2 damage)
             ... on level 6 of the Dungeon on Feb 7, 2024.
             The game lasted 00:08:39 (2860 turns).

jagang the Trooper (Human Monk)                     Turns: 2860, Time: 00:08:39

Health: 0/51       AC:  7    Str: 12    XL:     6   Next: 67%
Magic:  0/6        EV: 11    Int: 10    God:
Gold:   132        SH:  0    Dex: 17    Spells: 5/5 levels left

rFire   . . .        a - +0 falchion
rCold   . . .        d - orb {light}
rNeg    . . .        g - +0 ring mail
rPois   .            t - +0 helmet
rElec   .            e - +0 cloak
rCorr   .            (no gloves)
SInv    .            (no boots)
Will    .....        b - amulet of guardian spirit
Stlth   +            (no ring)
HPRegen 0.28/turn    (no ring)
MPRegen 0.10/turn

%: guardian spirit
@: lethally poisoned (0 -> -22), hasted, glowing, very quick
A: explore regen
a: no special abilities


You were on level 6 of the Dungeon.
You visited 1 branch of the dungeon, and saw 4 of its levels.

You collected 132 gold pieces.

Inventory:

Hand Weapons
 a - a +0 falchion (weapon)
 v - a +2 dagger of venom
Missiles
 B - 7 poisoned darts
Armour
 d - an orb of light (worn)
 e - a +0 cloak (worn)
 g - a +0 ring mail (worn)
 r - a +0 kite shield
 t - a +0 helmet (worn)
Jewellery
 b - an amulet of guardian spirit (around neck)
 z - a ring of fire
Wands
 x - a wand of quicksilver (10) (quivered)
Scrolls
 h - a scroll of enchant armour {unknown}
 i - 2 scrolls of identify {unknown}
 k - a scroll of noise {unknown}
 m - 3 scrolls of teleportation {unknown}
 n - a scroll of fog {unknown}
 w - a scroll of torment {unknown}
 y - a scroll of enchant weapon {unknown}
Potions
 c - a potion of ambrosia
 f - a potion of brilliance {unknown}
 j - a potion of berserk rage {unknown}
 l - a potion of experience {unknown}
 o - a potion of haste
 p - 2 potions of lignification {unknown}
 q - 2 potions of curing {unknown}
 s - a potion of cancellation {unknown}
 u - 2 potions of heal wounds {unknown}
 A - a potion of mutation {unknown}


   Skills:
 * Level 5.0 Fighting
 * Level 4.9 Long Blades
 + Level 2.3 Armour
 - Level 3.0 Dodging
 + Level 1.6 Shields


You had 5 spell levels left.
You didn't know any spells.
Your spell library contained the following spells:

 Spells                   Type           Power      Damage    Failure   Level
 Anguish                  Hex/Necr       0%         N/A       100%        4
 Cause Fear               Hex            0%         N/A       100%        4
 Enfeeble                 Hex            0%         N/A       100%        7


Dungeon Overview and Level Annotations

Branches:
Dungeon (3/15)

Altars:
Vehumet


Innate Abilities, Weirdness & Mutations

You regain HP and MP as you explore.


Message History

Found 8 gold pieces.
The water moccasin bites you.
You closely miss the water moccasin. The water moccasin bites you.
You barely miss the water moccasin. The water moccasin bites you.
You are poisoned.
The water moccasin poisons you! The water moccasin bites you.
You barely miss the water moccasin.
You feel very sick.
The water moccasin completely misses you.
You slash the water moccasin!
The water moccasin is heavily wounded.
You feel very sick. The water moccasin bites you. x2
You are too injured to fight recklessly!
You are too injured to fight recklessly!
Hit: a) +0 falchion
Press: ? - help, Dir - move target, f - water moccasin
Aim: a water moccasin (heavily wounded, haloed, about 36% to evade your +0 falchion)
You closely miss the water moccasin.
The water moccasin is heavily wounded.
You feel sick. The water moccasin bites you.
You are lethally poisoned!
The water moccasin poisons you!
Hit: a) +0 falchion
Press: ? - help, Dir - move target, f/p - water moccasin
Aim: a water moccasin (heavily wounded, haloed, about 36% to evade your +0 falchion)
You hit the water moccasin.
The water moccasin is heavily wounded.
* * * LOW HITPOINT WARNING * * *
You feel very sick. The water moccasin bites you.
* * * LOW HITPOINT WARNING * * *
The water moccasin bites you.
* * * LOW HITPOINT WARNING * * *
You are more poisoned.
The water moccasin poisons you!
It was a potion of haste.
You feel yourself speed up.
* * * LOW HITPOINT WARNING * * *
You feel very sick. The water moccasin bites you.
You die...

#.#.##.# #.#.##.#
#.#.##.# #.#.##.#
#.#..#.# #######.#.##.#
............>##########
######.#.#...†.......#
#@#.#..########.#
#.....S.#.#..# #.#
#$#######.#.÷# #.#
..#..# #.# ####..# #.#
#..# #.# #..# #.# #..#
#.# #..# #.#


You could see a water moccasin.

Vanquished Creatures
  A water moccasin (D:6)
  A sky beast (D:6)
  An iguana (D:6)
  Terence (D:2)
  5 adders
  3 ribbon worms
  A dart slug (D:2)
  7 endoplasms
  8 goblins
  7 hobgoblins
  3 quokkas
  5 ball pythons
  2 bats (D:3)
  6 frilled lizards
  5 kobolds
  2 rats
58 creatures vanquished.

Notes
Turn   | Place    | Note
-------+----------+-------------------------------------------
     0 | D:1      | jagang the Human Monk began the quest for the Orb.
     0 | D:1      | Reached XP level 1. HP: 18/18 MP: 1/1
     6 | D:1      | Noticed an iguana
     6 | D:1      | Noticed a ragged hierophant
     7 | D:1      | Noticed a hell rat
     7 | D:1      | Noticed a stone giant
   178 | D:1      | Reached XP level 2. HP: 24/24 MP: 2/2
  1164 | D:2      | Reached skill level 1 in Armour
  1164 | D:2      | Reached XP level 3. HP: 29/29 MP: 3/3
  1263 | D:2      | Found a radiant altar of Vehumet.
  1510 | D:2      | Reached XP level 4. HP: 32/37 MP: 4/4
  1540 | D:2      | Noticed Terence
  1552 | D:2      | Killed Terence
  1553 | D:2      | Reached skill level 4 in Fighting
  2208 | D:3      | Found a faded altar of an unknown god.
  2221 | D:3      | Reached XP level 5. HP: 42/42 MP: 5/5
  2457 | D:3      | You fall into a shaft and drop 3 floors!
  2566 | D:6      | Noticed a sky beast
  2581 | D:6      | Killed a sky beast
  2582 | D:6      | Reached skill level 1 in Shields
  2582 | D:6      | Reached XP level 6. HP: 19/49 MP: 2/6
  2705 | D:6      | Noticed a water moccasin
  2711 | D:6      | Killed a water moccasin
  2712 | D:6      | Reached skill level 5 in Fighting
  2853 | D:6      | Noticed a water moccasin
  2860 | D:6      | HP: 2/51 [poisoned by a water moccasin]
  2860 | D:6      | Slain by a water moccasin

Illustrated notes

Levels and vault maps discovered:
D:1:      onia_arrival_zoo_common, layout_basic, serial_forest,
          infiniplex_forest_zigzag_1, infiniplex_forest_clump_cross,
          infiniplex_forest_end_3, infiniplex_forest_lined_2,
          infiniplex_forest_split, infiniplex_forest_clump_curved,
          infiniplex_forest_lined_room_, infiniplex_forest_end_2,
          minmay_misc_feat_rugged
D:2:      layout_loops_ring, basic_altar, uniq_terence
D:3:      layout_basic, basic_ecumenical_altar, gammafunk_ghost_grave
D:6:      gammafunk_wand_slinger, layout_basic, serial_shops,
          nicolae_shop_gibbet_a_chance

Skill      XL: |  1  2  3  4  5  6 |
---------------+-------------------+-----
Armour         | 1 2 |  2.3
Fighting       | 4 5 |  5.0
Long Blades    | 4 |  4.9
Shields        | 1 |  1.6
Dodging        | |  3.0

Action                     |  1- 3 |  4- 6 || total
---------------------------+-------+-------++-------
  Melee: Falchion          |    77 |   106 ||   183
  Throw: Dart              |       |     3 ||     3
  Evoke: Wand              |       |     2 ||     2
    Use: Potion            |       |     1 ||     1
 Armour: Leather armour    |    10 |       ||    10
         Robe              |     2 |       ||     2
         Ring mail         |    22 |    65 ||    87
  Dodge: Dodged            |    43 |    62 ||   105
